 Dungeon Crawl Stone Soup version 0.29.1-2-gbd0b4ee654 (webtiles) character file.

Game seed: 8168623885693418178

23 Zeld the Chopper (level 2, -2/27 HPs)
             Began as a Hill Orc Monk on Oct 28, 2022.
             Slain by an orc
             ... wielding a +0 mace
              (5 damage)
             ... on level 2 of the Dungeon.
             The game lasted 00:00:37 (544 turns).

Zeld the Chopper (Hill Orc Monk)                     Turns: 544, Time: 00:00:38

Health: -2/27      AC:  2    Str: 13    XL:     2   Next: 95%
Magic:  2/2        EV: 12    Int: 10    God:
Gold:   10         SH:  0    Dex: 13    Spells: 1/1 levels left

rFire   . . .      SeeInvis .   a - +0 hand axe
rCold   . . .      Faith    .   (no shield)
rNeg    . . .      Spirit   .   b - +0 robe
rPois   .          Reflect  .   (no helmet)
rElec   .          Harm     .   (no cloak)
rCorr   .          Rampage  .   (no gloves)
Will    .....                   (no boots)
Stlth   ++........              (no amulet)
HPRegen 0.09/turn               (no ring)
MPRegen 0.08/turn               (no ring)

@: no status effects
A: no striking features
a: no special abilities


You were on level 2 of the Dungeon.
You visited 1 branch of the dungeon, and saw 3 of its levels.

You collected 10 gold pieces.

Inventory:

Hand Weapons
 a - a +0 hand axe (weapon)
Armour
 b - a +0 robe (worn)
Scrolls
 e - a scroll of enchant weapon {unknown}
Potions
 c - a potion of ambrosia
 d - a potion of curing {unknown}


   Skills:
 + Level 3.9 Fighting
 * Level 4.6 Axes
 + Level 2.6 Dodging
 + Level 1.9 Stealth


You had one spell level left.
You didn't know any spells.
Your spell library was empty.

Dungeon Overview and Level Annotations

Branches:
Dungeon (3/15)

Altars:


Message History

No target in view!
Found a scroll labelled XORRYE ZE ESCH.
There is a stone staircase leading down here.
You climb downwards.
The orc shouts! x3; You hear a shout!
You hear an angry hiss.
You hear a shout!
The goblin shouts!
You hear an angry hiss.
You hear a shout!
The frilled lizard hisses angrily.
Found an escape hatch in the floor.
There is a stone staircase leading up here.
There are monsters nearby!
There are monsters nearby!
You hit the orc but do no damage.
A bat comes into view.
A ball python comes into view.
The orc hits you with a +0 mace!
An orc comes into view. It is wielding a +0 hand axe.
A goblin comes into view. It is wielding a +0 club.
You closely miss the orc. You hit the orc. The orc hits you with a +0 mace.
The orc hits you with a +0 short sword.
An orc comes into view. It is wielding a +0 dagger.
A frilled lizard comes into view.
Unknown command.
The orc hits you with a +0 mace! The orc hits you with a +0 short sword.
* * * LOW HITPOINT WARNING * * *
You climb upwards.
There is a stone staircase leading down here.
Unknown command.
You closely miss the orc. You barely miss the orc. The orc closely misses you.
The orc hits you with a +0 short sword.
* * * LOW HITPOINT WARNING * * *
Unknown command.
You hit the orc.
You kill the orc!
You hit the orc but do no damage. The orc hits you with a +0 mace.
* * * LOW HITPOINT WARNING * * *
You see here a +0 short sword.
Unknown command.
You barely miss the orc. The orc misses you.
Unknown command.
You hit the orc but do no damage. The orc hits you with a +0 mace.
You die...

############
#..).......######
#.#######.......#
#.#######..####?#
#.#..........#.#
######.#..####..#..#
.....#..#.......#.##
.......###....@o...#
......##
##...#.##.....
.......###....#.#
###.
.....#..#.##..#.#
.....#....##..#..
.....#......#####
..## ##...### #....#
#.#.##


You could see an orc.

Vanquished Creatures
  An adder (D:2)
  An orc (D:2)
  An endoplasm (D:1)
  2 giant cockroaches
  4 goblins
  2 rats (D:1)
11 creatures vanquished.

Notes
Turn   | Place    | Note
-------+----------+-------------------------------------------
     0 | D:1      | Zeld the Hill Orc Monk began the quest for the Orb.
     0 | D:1      | Reached XP level 1. HP: 19/19 MP: 1/1
   229 | D:1      | Reached XP level 2. HP: 27/27 MP: 2/2
   544 | D:2      | Slain by an orc

Illustrated notes

Levels and vault maps discovered:
D:1:      dpeg_arrival_pond, layout_loops_ring,
          ebering_ecumenical_altar_sacrificial, minmay_misc_feat_enclosed
D:2:      kennysheep_big_flooded_room, layout_loops_ring, kennysheep_path_1,
          minmay_close_crescents
D:3:      layout_loops_ring, serial_forest, infiniplex_forest_straight_2,
          infiniplex_forest_clump_diagonal, infiniplex_forest_lined_corner,
          infiniplex_forest_straight_1, minmay_misc_feat_rugged

Action                   || total
-------------------------++-------
Melee: Hand axe          ||    29
       Punch             ||     1
 Stab: Sleeping          ||     2
Armor: Robe              ||     1
Dodge: Dodged            ||    17
